 Dungeon Crawl Stone Soup version 0.31-a0-210-gccc998df9b (webtiles) character file.

Game seed: 5921833564572920982

57 qw the Shooter (level 3, 0/29 HPs)
             Began as a Minotaur Hexslinger on June 29, 2023.
             Slain by a gnoll
             ... wielding a +0 halberd
              (9 damage)
             ... on level 2 of the Dungeon.
             The game lasted 00:00:22 (1121 turns).

qw the Shooter (Minotaur Hexslinger)                Turns: 1121, Time: 00:00:23

Health: 0/29       AC:  2    Str: 12    XL:     3   Next: 73%
Magic:  3/3        EV: 12    Int: 10    God:
Gold:   16         SH:  0    Dex: 14    Spells: 3/4 levels left

rFire   . . .        Y - +1 sling
rCold   . . .        (no shield)
rNeg    . . .        c - +0 robe
rPois   .            (helmet restricted)
rElec   .            (no cloak)
rCorr   .            (no gloves)
SInv    .            (no boots)
Will    .....        f - amulet of the acrobat
Stlth   +            (no ring)
HPRegen 0.24/turn    (no ring)
MPRegen 0.08/turn

%: acrobat
@: no status effects
A: horns 2, retaliatory headbutt
a: no special abilities


You were on level 2 of the Dungeon.
You visited 1 branch of the dungeon, and saw 2 of its levels.

You collected 36 gold pieces.
You spent 20 gold pieces at shops.


Innate Abilities, Weirdness & Mutations

You have a pair of horns on your head.
You reflexively headbutt those who attack you in melee.


   Skills:
 - Level 2.0 Fighting
 + Level 4.3 Ranged Weapons
 - Level 2.1 Dodging
 - Level 1.0 Spellcasting
 - Level 2.0 Hexes


You had 3 spell levels left.
You knew the following spells:

 Your Spells              Type           Power      Damage    Failure   Level
a - Slow                  Hex            16%        N/A       16%         1

Your spell library contained the following spells:

 Spells                   Type           Power      Damage    Failure   Level
 Inner Flame              Hex/Fire       2%         N/A       56%         3
 Portal Projectile        Hex/Tloc       4%         N/A       56%         3
 Cause Fear               Hex            2%         N/A       83%         4

Inventory:

Hand Weapons
 Y - a +1 sling (weapon)
Armour
 c - a +0 robe (worn)
 g - a +0 leather armour
Jewellery
 f - an amulet of the acrobat (around neck)
Scrolls
 a - a scroll of butterflies {unknown}
 b - a scroll of immolation {unknown}
 e - a scroll of identify
Potions
 d - a potion of mutation

Dungeon Overview and Level Annotations

Branches:
Dungeon (2/15)

Altars:

Shops:
D:1 *


Message History

You shoot a sling bullet.
The sling bullet closely misses the quokka.
The quokka misses you. The quokka closely misses you.
You shoot a sling bullet. The sling bullet hits the quokka!
You kill the quokka!
You start resting.
HP restored.
There is an open door here. 2 gnolls come into view.
The gnoll shouts! x2; You hear a shout!
Enter note:
Enter note:
Enter note:
Enter note: You shoot a sling bullet.
The sling bullet barely misses the gnoll. x2
A gnoll comes into view. It is wielding a +0 spear.
1114 ||| Stepping ~*~*~tactically~*~*~ (outnumbered).
Enter note:
Enter note:
Enter note:
Enter note:
1116 ||| Stepping ~*~*~tactically~*~*~ (outnumbered).
A rat comes into view.
The gnoll hits you from afar with a +0 halberd!
You shoot a sling bullet. The sling bullet hits the gnoll.
The gnoll is moderately wounded.
The gnoll barely misses you.
You shoot a sling bullet. The sling bullet hits the gnoll.
The gnoll is heavily wounded.
The gnoll barely misses you. x3
You shoot a sling bullet.
The sling bullet barely misses the gnoll.
The gnoll misses you. The gnoll closely misses you.
The gnoll hits you with a +0 whip!
You shoot a sling bullet. The sling bullet hits the gnoll.
The gnoll is severely wounded.
The gnoll hits you from afar with a +0 spear.
The gnoll hits you from afar with a +0 halberd!
You die...

#.#............... ..
#....)######...... ...
###.........#...... ....
#...........#......
...#..##........#......
. ..>...<.......#......
...##.#####'######......
............# #)......
..##.$.@##### #.......
.......g....# #.....##
..#.....gg#.# #.....# .
+.....#... #.....#
##....#.#r. #.....#
.......##.# #.....#
###.### # ..###.....##
#. ...........
.#########


You could see 3 gnolls and a rat.

Vanquished Creatures
  3 adders (D:2)
  7 ball pythons
  An endoplasm (D:1)
  A giant cockroach (D:1)
  A goblin (D:1)
  4 hobgoblins
  2 kobolds
  2 quokkas
  4 bats
  A frilled lizard (D:1)
  2 rats (D:1)
28 creatures vanquished.

Notes
Turn   | Place    | Note
-------+----------+-------------------------------------------
     0 | D:1      | qw the Minotaur Hexslinger began the quest for the Orb.
     0 | D:1      | Reached XP level 1. HP: 16/16 MP: 1/1
     0 | D:1      | 0 ||| qw: Version: 0.3-a-24-ga2abf7b
     0 | D:1      | 0 ||| qw: Game counter: 6752
     0 | D:1      | 0 ||| qw: Melee chars always use a shield: true
     0 | D:1      | 0 ||| qw: God list: Okawaru
     0 | D:1      | 0 ||| qw: Allow faded altars: false
     0 | D:1      | 0 ||| qw: Do Orc after clearing Dungeon:15 true
     0 | D:1      | 0 ||| qw: Do second Lair branch before Depths: true
     0 | D:1      | 0 ||| qw: Lair rune preference: random
     0 | D:1      | 0 ||| qw: Goals: Normal
     0 | D:1      | 0 ||| PLANNING D:1-11
   175 | D:1      | HP: 2/16 [hobgoblin (3)]
   180 | D:1      | Reached skill level 3 in Ranged Weapons
   180 | D:1      | Reached XP level 2. HP: 3/23 MP: 2/2
   602 | D:1      | Found Daquskuw's General Store.
   602 | D:1      | Found a faded altar of an unknown god.
   636 | D:1      | 636 ||| SHOPLISTING +0 ring mail (40 gold, have 36).
   636 | D:1      | 636 ||| SHOPLISTING 3 scrolls of identify (60 gold, have
                  | 36).
   636 | D:1      | 636 ||| SHOPLISTING amulet of faith (400 gold, have 36).
   636 | D:1      | 636 ||| BUYING scroll of identify (20 gold).
   636 | D:1      | Bought a scroll of identify for 20 gold pieces
   808 | D:1      | 808 ||| UPGRADING to amulet of the acrobat.
   813 | D:1      | 813 ||| READING scroll labelled MULATYDDIT.
   814 | D:1      | 814 ||| READING 2 scrolls of identify.
   814 | D:1      | 814 ||| IDENTIFYING lumpy yellow potion
   815 | D:1      | 815 ||| DROPPING scroll of poison.
   886 | D:2      | Reached XP level 3. HP: 29/29 MP: 3/3
  1028 | D:2      | Reached skill level 4 in Ranged Weapons
  1114 | D:2      | 1114 ||| Stepping ~*~*~tactically~*~*~ (outnumbered).
  1116 | D:2      | 1116 ||| Stepping ~*~*~tactically~*~*~ (outnumbered).
  1121 | D:2      | Slain by a gnoll

Levels and vault maps discovered:
D:1:      dpeg_arrival_tiny_k, layout_basic, serial_shops, shop,
          nicolae_ecumenical_snake_handling
D:2:      layout_basic

Skill      XL: |  1  2  3 |
---------------+----------+-----
Ranged Weapons | 3 4 |  4.3
Fighting       | 2 |  2.0
Dodging        | |  2.1
Spellcasting   | |  1.0
Hexes          | |  2.0

Action                     || total
---------------------------++-------
   Fire: Sling             ||    90
    Use: Scroll            ||     2
 Armour: Robe              ||    12
  Dodge: Dodged            ||    44

Table legend:
 A = Non-vault XP
 B = Vault XP
 C = Vault XP percentage of total XP
 D = Non-vault monster count
 E = Vault monster count
 F = Vault count percentage of total count
                 A         B        C        D         E       F
            +---------+---------+-------+---------+---------+-------
      Total |      78 |       4 |   4.9 |      25 |       3 |  10.7
            +---------+---------+-------+---------+---------+-------
        D:1 |      27 |       4 |  12.9 |      16 |       3 |  15.8
        D:2 |      51 |       0 |   0.0 |       9 |       0 |   0.0
            +---------+---------+-------+---------+---------+-------
